 Dungeon Crawl Stone Soup version 0.31-a0-167-g1c394c0614 (webtiles) character file.

Game seed: 4154957234442079890

134417 Anon1729 the Warrior (level 16, -6/152 HPs)
             Began as a Minotaur Monk on June 14, 2023.
             Was a Believer of Uskayaw.
             Shot with an arrow by Vashnia (25 damage)
             ... on level 2 of the Snake Pit.
             The game lasted 00:25:24 (25433 turns).

Anon1729 the Warrior (Minotaur Monk)               Turns: 25433, Time: 00:25:25

Health: -6/152     AC: 25    Str: 19    XL:     16   Next: 62%
Magic:  31/34      EV: 21    Int: 11    God:    Uskayaw [**....]
Gold:   1297       SH: 22    Dex: 20    Spells: 15/15 levels left

rFire   + . .        a - +7 quick blade (chaos)
rCold   x . .        k - +5 Storm Queen's Shield {shock, Fly rElec}
rNeg    . . .        b - +7 chain mail of Vlad {rPois MP+9 Str+2 Int+4}
rPois   +            (helmet restricted)
rElec   +            e - +1 cloak
rCorr   .            (no gloves)
SInv    .            Z - +0 pair of boots
Will    +....        J - amulet of reflection Stlth
                     M - +5 ring of evasion
HPRegen 0.45/turn    O - ring of fire
MPRegen 0.24/turn

%: reflection
@: flying
A: horns 2, retaliatory headbutt
a: Renounce Religion, Stomp, Line Pass


You were on level 2 of the Snake Pit.
You worshipped Uskayaw.
Uskayaw was pleased with you.
You visited 5 branches of the dungeon, and saw 25 of its levels.
You visited the Abyss 1 time.
You also visited: Sewer and Volcano.

You collected 2758 gold pieces.
You spent 1461 gold pieces at shops.

Inventory:

Hand Weapons
 a - a +7 quick blade of chaos (weapon)
Missiles
 s - 3 throwing nets
 I - 19 poisoned darts
Armour
 b - the +7 chain mail of Vlad (worn) {rPois MP+9 Str+2 Int+4}
   (You found it on level 2 of the Lair of Beasts)

   Str:       It affects your strength (+2).
   Int:       It affects your intelligence (+4).
   rPois:     It protects you from poison.
   MP:        It affects your magic capacity (+9).
 d - an orb of light
 e - a +1 cloak (worn)
 k - the +5 Storm Queen's Shield (worn) {shock, Fly rElec}
   (You bought it in a shop on level 2 of the Orcish Mines)

   Shock:     When it blocks an attack, it may electrocute the attacker.
   This works even against foes who are a short distance away.
   rElec:     It insulates you from electricity.
   Fly:       It grants you flight.
 H - the +3 chain mail "Womup" {rElec rC+ Str+8 Stlth+}
   (You found it on level 5 of the Dungeon)

   Str:       It affects your strength (+8).
   rC:        It protects you from cold.
   rElec:     It insulates you from electricity.
   Stlth:     It makes you more stealthy.
 Q - a scarf of harm
 Z - a +0 pair of boots (worn)
Jewellery
 i - a ring of ice
 n - an amulet of magic regeneration
 D - a ring of magical power
 E - a ring of flight
 F - a ring of resist corrosion
 J - an amulet of reflection (around neck)
 L - a ring of magical power
 M - a +5 ring of evasion (left hand)
 O - a ring of fire (right hand)
Wands
 q - a wand of charming (15)
 G - a wand of flame (23)
 N - a wand of polymorph (13)
 S - a wand of acid (2)
 V - a wand of roots (3)
Scrolls
 f - 14 scrolls of teleportation
 j - a scroll of silence
 m - 4 scrolls of noise
 p - 3 scrolls of immolation
 t - 7 scrolls of amnesia
 u - 3 scrolls of vulnerability
 x - 5 scrolls of fear
 y - a scroll of torment
 A - 2 scrolls of revelation
 C - 5 scrolls of poison
 P - a scroll of blinking
 R - 5 scrolls of fog
 W - 3 scrolls of enchant armour
 Y - a scroll of summoning
Potions
 g - 2 potions of mutation {unknown}
 h - 9 potions of brilliance
 l - a potion of resistance
 o - 6 potions of curing
 r - 2 potions of cancellation
 v - 3 potions of enlightenment
 w - a potion of invisibility {unknown}
 z - 2 potions of haste
 B - 4 potions of lignification
 K - 2 potions of berserk rage
 T - 2 potions of magic {unknown}
 U - 3 potions of might
 X - 3 potions of attraction
Miscellaneous
 c - a box of beasts


   Skills:
 + Level 16.3 Fighting
 + Level 15.1 Short Blades
 + Level 15.8 Armour
 + Level 15.0 Dodging
 * Level 8.8 Shields
 + Level 13.5 Invocations


You had 15 spell levels left.
You didn't know any spells.
Your spell library contained the following spells:

 Spells                   Type           Power      Damage    Failure   Level
 Apportation              Tloc           0%         N/A       97%         1
 Kiss of Death            Conj/Necr      0%         2d5       97%         1
 Magic Dart               Conj           0%         1d3       97%         1
 Necrotise                Necr           0%         1d4       97%         1
 Slow                     Hex            0%         N/A       97%         1
 Sting                    Tmut/Pois      0%         1d3       97%         1
 Summon Small Mammal      Summ           0%         N/A       97%         1
 Call Imp                 Summ           0%         N/A       99%         2
 Poisonous Vapours        Pois/Air       0%         N/A       99%         2
 Call Canine Familiar     Summ           0%         N/A       100%        3
 Confusing Touch          Hex            0%         N/A       100%        3
 Frozen Ramparts          Ice            0%         1d1       100%        3
 Inner Flame              Hex/Fire       0%         N/A       100%        3
 Mephitic Cloud           Conj/Pois/Air  0%         N/A       100%        3
 Stone Arrow              Conj/Erth      0%         3d7       100%        3
 Summon Guardian Golem    Hex/Summ       0%         N/A       100%        3
 Tukima's Dance           Hex            0%         N/A       100%        3
 Vampiric Draining        Necr           0%         2d6       100%        3
 Animate Armour           Summ/Erth      0%         N/A       100%        4
 Dispel Undead            Necr           0%         3d6       100%        4
 Flame Wave               Conj/Fire      0%         2d4       100%        4
 Ice Form                 Ice/Tmut       0%         N/A       100%        4
 Passage of Golubria      Tloc           0%         N/A       100%        4
 Sticky Flame             Conj/Fire      0%         2d3       100%        4
 Summon Ice Beast         Ice/Summ       0%         N/A       100%        4
 Alistair's Intoxication  Tmut/Pois      0%         N/A       100%        5
 Borgnjor's Vile Clutch   Necr/Erth      0%         N/A       100%        5
 Freezing Cloud           Conj/Ice/Air   0%         6-21      100%        5
 Irradiate                Conj/Tmut      0%         3d11      100%        5
 Yara's Violent Unravell  Hex/Tmut       0%         3d3       100%        5
 Orb of Destruction       Conj           0%         9d5       100%        7
 Spellforged Servitor     Conj/Summ      0%         N/A       100%        7
 Borgnjor's Revivificati  Necr           0%         N/A       100%        8
 Lehudib's Crystal Spear  Conj/Erth      0%         10d2      100%        8
 Necromutation            Tmut/Necr      0%         N/A       100%        8
 Death's Door             Necr           0%         N/A       100%        9


Dungeon Overview and Level Annotations

Branches:
Dungeon (15/15)            Temple (1/1) D:5            Lair (5/5) D:11
  Swamp (0/4) Lair:2        Snake (2/4) Lair:2        Slime (0/5) Lair:4
    Orc (2/2) D:12            Elf (0/3) Orc:2        Depths (0/4) D:15
  Sewer (visited)         Volcano (visited)
 Vaults: D:13-14

Altars:
Ashenzari
Cheibriados
Dithmenos
Elyvilon
Fedhas
Gozag
Hepliaklqana
Kikubaaqudgha
Makhleb
Nemelex Xobeh
Okawaru
Qazlal
Ru
Sif Muna
Trog
Uskayaw
Vehumet
Wu Jian
Xom
Yredelemnul
Zin
The Shining One

Shops:
D:1 :   D:5 :!*   D:6 [   Orc:2 =[[*

Portals:
Trove: D:15 (give 8 scrolls of fog)

Annotations:
D:9 3 runed translucent doors, qborf's ghost, novice MiFi
D:10 exclusion: oklob plant
Snake:2 Vashnia


Innate Abilities, Weirdness & Mutations

You have a pair of horns on your head.
You reflexively headbutt those who attack you in melee.


Message History

You block the bolt with an invisible shield... and reflect it back!
The bolt barely misses the naga sharpshooter.
Vashnia spits poison at you.
The splash of poison hits you but does no damage.
You resist.
You hit Vashnia but do no damage. You barely miss Vashnia.
Your headbutt misses Vashnia.
Vashnia is severely wounded.
The naga sharpshooter shoots a bolt.
You block the bolt with an invisible shield... and reflect it back!
The bolt hits the naga sharpshooter!
The bolt burns the naga sharpshooter.
Your shield discharges, shocking the naga sharpshooter!
Vashnia shoots an arrow.
The arrow hits you!!
* * * LOW HITPOINT WARNING * * *
Okay, then.
Unknown command.
Aiming: Line Pass
Press: ? - help, Dir - move target Vashnia appears confused.
You can no longer pass through a line of other dancers.
The naga sharpshooter shoots a bolt.
The bolt closely misses you.
The naga sharpshooter spits poison at you.
You block splash of poison... and reflect it back!
The splash of poison hits the naga sharpshooter.
You hit Vashnia. You freeze Vashnia. You headbutt Vashnia, but do no damage.
You strike the helpless Vashnia from behind!
You impale Vashnia!!
Vashnia is almost dead.
You can now pass through a line of other dancers.
Aiming: Corrosive Bolt
Press: ? - help, Shift-Dir - straight line, f - Vashnia
Aim: Vashnia, wielding a +0 longbow and wearing a +0 barding of flying (almost dead, confused, 79% to hit)
The bolt of acid hits Vashnia!
The acid corrodes Vashnia!
Vashnia is almost dead.
Vashnia seems less confused.
The naga sharpshooter shoots a bolt.
You block the bolt with an invisible shield... and reflect it back!
The bolt hits the naga sharpshooter!
The bolt burns the naga sharpshooter.
You kill the naga sharpshooter!
Vashnia shoots an arrow.
The arrow hits you!!
You die...

#.# #.##.....
#)####........ .#
#......#.....
#.#####...)........
##....##......###.
##..)..........###
##............N...##
#................).##
#.............@))...##
.........##...........#
........<##.......)...#
........###..........##
.....#### #..........#
.### ##........##
####.###.# ## ##


You could see Vashnia (corroded).

Vanquished Creatures
  A profane servitor (Abyss:3)
  Kirke (D:14)
  2 very ugly things (Abyss:3)
  An eidolon (Abyss:3)
  A fire dragon (Volcano)
  Josephine (D:13)
  Erolcha (D:12)
  A catoblepas (Lair:5)
  4 hydras
  2 anacondas (Snake:1)
  6 ogre magi
  A merfolk avatar (Lair:5)
  5 centaur warriors
  2 naga warriors (Snake:1)
  25 two-headed ogres
  11 death yaks
  2 boulder beetles
  A tengu warrior (D:14)
  2 shock serpents (Snake:1)
  5 naga sharpshooters (Snake:2)
  Nergalle (D:10)
  3 skysharks
  7 skeletal warriors
  A sea snake (Lair:5)
  Lodul (D:10)
  A glowing orange brain (Abyss:3)
  A wizard (D:15)
  A naga ritualist (Snake:1)
  A harpy (Lair:5)
  A harpy (shapeshifter) (D:15)
  9 lindwurms
  A necromancer (D:15)
  3 orc knights (Orc:2)
  A deep elf pyromancer (D:14)
  A mana viper (Snake:1)
  4 ugly things
  3 salamanders (Snake:1)
  6 cyclopes
  An orc sorcerer (D:15)
  4 manticores
  10 elephants
  A centaur zombie (D:15)
  7 black mambas
  7 naga magi
  A black mamba (shapeshifter) (Orc:2)
  A rust devil (Abyss:3)
  Joseph (D:10)
  3 guardian serpents
  A smoke demon (Volcano)
  2 gargoyles (D:12)
  Psyche (D:10)
  A cane toad (shapeshifter) (D:13)
  An unseen horror (D:11)
  A centaur skeleton (D:15)
  11 cane toads
  12 komodo dragons
  6 rime drakes
  3 unseen horror zombies (D:8)
  A tengu conjurer (D:14)
  An ancient zyme (Abyss:3)
  An efreet (D:14)
  6 trolls
  6 meliai (D:15)
  A hornet (D:8)
  4 raiju (Abyss:3)
  10 polar bears
  A tarantella (shapeshifter) (D:12)
  A wind drake (shapeshifter) (D:15)
  2 tyrant leeches (Lair:2)
  36 blink frogs
  11 dream sheep (Lair:5)
  A shadow (D:9)
  7 wyverns
  Grum (Lair:1)
  48 yaks
  5 basilisks
  Eustachio (D:5)
  8 wraiths
  13 vampire mosquitoes
  6 steam dragons
  2 wargs (Orc:2)
  15 nagas
  An acid dragon (D:9)
  Pargi (Sewer)
  4 hell hounds
  11 water moccasins
  12 orc warriors
  2 sky beasts
  12 black bears
  5 ice beasts
  2 large abominations (Abyss:3)
  37 ogres
  6 centaurs
  28 wolves
  4 kobold brigands
  8 bullfrogs
  4 scorpions
  Blork the orc (D:6)
  11 wights
  A hornet simulacrum (D:15)
  19 killer bees
  An electric eel (D:10)
  A howler monkey (D:9)
  4 small abominations (Abyss:3)
  15 orc priests
  3 hounds
  An iron imp (Abyss:3)
  2 jellies
  Jessica (D:2)
  Natasha (thrice) (D:3)
  Terence (D:2)
  5 hell rats (Lair:3)
  4 iguanas
  26 orc wizards
  A killer bee zombie (D:8)
  A howler monkey zombie (D:8)
  6 adders
  A shadow imp (D:8)
  A white imp (D:5)
  An ufetubus (D:7)
  A worm (D:3)
  3 dart slugs
  108 orcs
  6 bats
  3 endoplasms
  4 giant cockroaches
  11 goblins
  13 hobgoblins
  7 quokkas
  9 ball pythons
  7 frilled lizards
  27 kobolds
  7 rats
837 creatures vanquished.

Vanquished Creatures (others)
  A lindwurm (Volcano)
1 creature vanquished.

Grand Total: 838 creatures vanquished

Notes
Turn   | Place    | Note
-------+----------+-------------------------------------------
     0 | D:1      | Anon1729 the Minotaur Monk began the quest for the Orb.
     0 | D:1      | Reached XP level 1. HP: 19/19 MP: 0/0
    52 | D:1      | Reached XP level 2. HP: 20/27 MP: 1/1
   141 | D:1      | Found Buiniv's Book Shop.
   159 | D:1      | Found a faded altar of an unknown god.
   187 | D:1      | Reached skill level 1 in Armour
   350 | D:1      | Reached skill level 4 in Fighting
   350 | D:1      | Reached skill level 1 in Invocations
   449 | D:2      | Reached XP level 3. HP: 33/33 MP: 2/2
   533 | D:2      | Noticed Jessica
   547 | D:2      | Killed Jessica
   548 | D:2      | Reached XP level 4. HP: 34/40 MP: 2/4
   770 | D:2      | Noticed Terence
   782 | D:2      | Killed Terence
  1240 | D:3      | Noticed Natasha
  1244 | D:3      | Killed Natasha
  1245 | D:3      | Reached XP level 5. HP: 47/47 MP: 5/5
  1290 | D:3      | Found a glowing drain.
  1315 | Sewer    | Entered a sewer
  1354 | Sewer    | Noticed Pargi
  1361 | Sewer    | Killed Pargi
  1362 | Sewer    | Reached XP level 6. HP: 41/55 MP: 6/6
  1619 | D:3      | Found a broken altar of Ashenzari.
  1727 | D:3      | Noticed Natasha
  1733 | D:3      | Killed Natasha
  1734 | D:3      | Reached skill level 5 in Fighting
  1781 | D:3      | Noticed Natasha
  1790 | D:3      | Killed Natasha
  2441 | D:4      | Reached XP level 7. HP: 44/61 MP: 8/8
  2748 | D:4      | Reached skill level 5 in Short Blades
  2836 | D:4      | Reached skill level 5 in Dodging
  2940 | D:5      | Entered Level 5 of the Dungeon
  3197 | D:5      | Found a staircase to the Ecumenical Temple.
  3206 | Temple   | Entered the Ecumenical Temple
  3445 | D:5      | Found Afewnize's General Store.
  3445 | D:5      | Found Qousarph's Distillery.
  3452 | D:5      | Reached skill level 6 in Fighting
  3490 | D:5      | Found Zoish's Book Shop.
  3502 | D:5      | Bought a potion of curing for 39 gold pieces
  3502 | D:5      | Bought a potion of haste for 130 gold pieces
  3695 | D:5      | Identified the +3 chain mail "Womup" {rElec rC+ Str+8
                  | Stlth+}
  3895 | D:5      | Noticed Eustachio
  3908 | D:5      | Reached XP level 8. HP: 62/70 MP: 9/9
  3923 | D:5      | Killed Eustachio
  4225 | D:6      | Reached skill level 5 in Armour
  4421 | D:6      | Noticed Blork the orc
  4431 | D:6      | Killed Blork the orc
  4443 | D:6      | Reached skill level 7 in Fighting
  4620 | D:6      | Reached skill level 5 in Invocations
  4686 | D:6      | Reached XP level 9. HP: 79/79 MP: 11/11
  4744 | D:6      | Found an ancient bone altar of Kikubaaqudgha.
  4864 | D:6      | Found Sireuqio's Antique Armour Shoppe.
  5013 | D:7      | Noticed a troll
  5024 | D:7      | Killed a troll
  5907 | D:8      | Paralysed by a hornet for 1 turns
  5909 | D:8      | Reached skill level 8 in Fighting
  5958 | D:8      | Found a burning altar of Makhleb.
  5958 | D:8      | Found a glowing silver altar of Zin.
  5959 | D:8      | Found a white marble altar of Elyvilon.
  6392 | D:8      | Reached XP level 10. HP: 74/90 MP: 13/13
  6694 | D:8      | Reached skill level 9 in Fighting
  7042 | D:8      | Found a hide-covered altar of Uskayaw.
  7044 | D:8      | Found an ornate altar of the Wu Jian Council.
  7545 | D:8      | Became a worshipper of Uskayaw the Reveller
  7545 | D:8      | Reached * piety under Uskayaw
  7558 | D:9      | Reached ** piety under Uskayaw
  7566 | D:9      | Reached *** piety under Uskayaw
  7574 | D:9      | Reached **** piety under Uskayaw
  7640 | D:9      | Reached ***** piety under Uskayaw
  7648 | D:9      | Reached ****** piety under Uskayaw
  8041 | D:9      | Found a runed translucent gate.
  8042 | D:9      | Found a runed translucent gate.
  8042 | D:9      | Noticed a cyclops
  8042 | D:9      | Noticed qborf's ghost (novice MiFi)
  8043 | D:9      | Found a runed translucent gate.
  8043 | D:9      | Noticed a deep elf pyromancer
  8051 | D:9      | Noticed a two-headed ogre
  8064 | D:9      | Killed a two-headed ogre
  8065 | D:9      | Reached XP level 11. HP: 50/99 MP: 15/15
  8299 | D:9      | Reached skill level 10 in Fighting
  8779 | D:10     | Entered Level 10 of the Dungeon
  8869 | D:10     | Noticed a two-headed ogre
  8872 | D:10     | Noticed Joseph
  8881 | D:10     | Killed a two-headed ogre
  8892 | D:10     | Killed Joseph
  8893 | D:10     | Identified the +0 scale mail of Quantum Leap {-Cast rElec
                  | Will++ Dex+2}
  9040 | D:10     | Noticed Psyche
  9050 | D:10     | Killed Psyche
  9173 | D:10     | Noticed Lodul
  9186 | D:10     | Killed Lodul
  9471 | D:10     | Noticed a two-headed ogre
  9483 | D:10     | Killed a two-headed ogre
  9792 | D:10     | Reached skill level 10 in Armour
  9968 | D:10     | Noticed Nergalle
  9983 | D:10     | Killed Nergalle
 10198 | D:10     | Found a blossoming altar of Fedhas.
 10215 | D:10     | Noticed an oklob plant
 10326 | D:11     | Reached skill level 10 in Short Blades
 10326 | D:11     | Reached skill level 10 in Dodging
 10340 | D:11     | Found a staircase to the Lair.
 10345 | D:11     | Reached skill level 11 in Fighting
 10555 | D:11     | Noticed a two-headed ogre
 10566 | D:11     | Killed a two-headed ogre
 10692 | D:11     | Reached XP level 12. HP: 104/110 MP: 17/17
 11479 | Lair:1   | Entered Level 1 of the Lair of Beasts
 11909 | Lair:1   | Reached skill level 12 in Fighting
 12214 | Lair:1   | Noticed Grum
 12233 | Lair:1   | Killed Grum
 12595 | Lair:1   | Noticed a death yak
 12596 | Lair:1   | Noticed a death yak
 12596 | Lair:1   | Noticed a death yak
 12596 | Lair:1   | Noticed a death yak
 12613 | Lair:1   | Killed a death yak
 12616 | Lair:1   | Killed a death yak
 12617 | Lair:1   | Killed a death yak
 12622 | Lair:1   | Killed a death yak
 12623 | Lair:1   | Reached skill level 10 in Invocations
 13168 | Lair:2   | Found a staircase to the Swamp.
 13176 | Lair:2   | Reached XP level 13. HP: 119/119 MP: 19/19
 13331 | Lair:2   | Found the +18 Lear's hauberk
 13404 | Lair:2   | You are sucked into a shaft and drop 1 floor!
 13972 | Lair:3   | Reached skill level 13 in Fighting
 14902 | Lair:4   | Found a staircase to the Slime Pits.
 15012 | Lair:4   | HP: 5/122 [death yak (12)]
 15071 | Lair:5   | Entered Level 5 of the Lair of Beasts
 15312 | Lair:5   | Found a dark tunnel.
 15365 | Volcano  | Entered a volcano
 15803 | Volcano  | Noticed a fire dragon
 15830 | Volcano  | Killed a fire dragon
 15831 | Volcano  | Reached XP level 14. HP: 74/130 MP: 21/21
 16583 | Lair:5   | Reached skill level 14 in Fighting
 19168 | D:12     | Found a staircase to the Orcish Mines.
 19633 | D:12     | Noticed Erolcha
 19643 | D:12     | Killed Erolcha
 19786 | Orc:1    | Entered Level 1 of the Orcish Mines
 19987 | Orc:2    | Entered Level 2 of the Orcish Mines
 19991 | Orc:2    | Reached XP level 15. HP: 139/139 MP: 23/23
 20122 | Orc:2    | Reached skill level 15 in Fighting
 20150 | Orc:2    | Found Hoish's Assorted Antiques.
 20150 | Orc:2    | Found Ituse's Armour Boutique.
 20151 | Orc:2    | Found Pareibiu's Armour Boutique.
 20151 | Orc:2    | Found Bafen's Jewellery Shoppe.
 20338 | Orc:2    | Bought a scroll of blinking for 247 gold pieces
 20339 | Orc:2    | Bought the +5 Storm Queen's Shield {shock, Fly rElec} for
                  | 547 gold pieces
 20339 | Orc:2    | Found the +5 Storm Queen's Shield {shock, Fly rElec}
 20361 | Orc:2    | Bought a +2 buckler of resistance for 498 gold pieces
 20403 | Orc:2    | Found a staircase to the Elven Halls.
 20572 | Orc:2    | Reached skill level 1 in Shields
 20976 | D:13     | Noticed Josephine
 20989 | D:13     | Killed Josephine
 21178 | D:13     | You are sucked into a shaft and drop 1 floor!
 21201 | D:14     | Found a sacrificial altar of Ru.
 21369 | D:14     | Reached skill level 15 in Armour
 21635 | D:14     | Noticed Kirke
 21643 | D:14     | Killed Kirke
 22060 | D:15     | Entered Level 15 of the Dungeon
 22122 | D:15     | Reached skill level 5 in Shields
 22437 | Abyss:3  | Cast into level 3 of the Abyss (a wizard)
 22442 | Abyss:3  | Found a corrupted altar of Lugonu.
 22648 | Abyss:3  | Reached XP level 16. HP: 120/151 MP: 24/24
 22669 | Abyss:3  | Noticed a profane servitor
 22694 | Abyss:3  | Killed a profane servitor
 22701 | D:15     | Escaped the Abyss
 22862 | D:15     | Found a staircase to the Depths.
 22905 | D:15     | Reached skill level 16 in Fighting
 23412 | D:15     | Found a portal to a secret trove of treasure.
 24055 | Lair:2   | Identified the +7 chain mail of Vlad {rPois MP+9 Str+2
                  | Int+4}
 24072 | Lair:2   | Got Ysaqaqus's Omnibus of Grey Transmogrification
 24085 | Lair:2   | Identified the staff of conjuration "Xodudas" {Drain rF++}
 24453 | Lair:2   | Found a staircase to the Snake Pit.
 24591 | Snake:1  | Entered Level 1 of the Snake Pit
 24812 | Snake:1  | Reached skill level 15 in Short Blades
 25323 | Snake:1  | Reached skill level 15 in Dodging
 25401 | Snake:2  | Noticed Vashnia
 25433 | Snake:2  | Shot with an arrow by Vashnia

Illustrated notes

Levels and vault maps discovered:
D:1:      onia_arrival_pyramid, layout_rooms, ebering_ecumenical_altar_ruins,
          serial_shops, shop
D:2:      layout_basic, minmay_tetromino_i4, uniq_jessica, uniq_terence
D:3:      layout_loops_ring, ashenzari_altar_1, cheibrodos_sewer_entry_drain,
          minmay_misc_feat_secret_circle, uniq_natasha
D:4:      layout_basic
D:5:      corexii_shack_village, layout_basic, minmay_temple_entry_slanted,
          minivault_26, nicolae_shop_distant_corner_stores, minivault_4,
          uniq_eustachio
D:6:      layout_cave_pools, mainiacjoe_overflow_boulevard, serial_column_ruins,
          column_ruins_hut, column_ruins_hut, column_ruins_open_medium,
          column_ruins_corridor_straight, column_ruins_open_tiny,
          column_ruins_grid_3, column_ruins_columns_corner, serial_shops,
          nicolae_take_the_stairs, uniq_blork_the_orc
D:7:      layout_basic, kennysheep_generic_room_15
D:8:      layout_loops_corners, nicolae_overflow_hidden_temple, serial_undead,
          serial_undead_f, serial_undead_f, serial_undead_b, serial_undead_a
D:9:      layout_basic, gammafunk_ghost_split
D:10:     layout_irregular_city, tgw_fedhas, nicolae_kite_square_tiling_tiny,
          uniq_psyche, uniq_nergalle, uniq_lodul, uniq_joseph
D:11:     layout_small_grid, david_lair_generic
D:12:     layout_stronghold, hiddenorc2_lemuel, uniq_erolcha
D:13:     minmay_recursive_quarters, layout_gridville, david_vaults_4,
          serial_shops, nicolae_shop_behind_doors,
          hellmonk_guarded_unrand_vitality_bloodlust, uniq_josephine
D:14:     layout_long_grid, hangedman_ru_absence, uniq_kirke
D:15:     grunt_enter_depths_magical_seal, layout_gridville, enter_trove_6,
          palyth_stone_intersect
Temple:   nicolae_temple_superstar
Lair:1:   beast_lair_carwin_large_4, layout_regular_city, grunt_megastairs_2,
          uniq_grum
Lair:2:   layout_small_grid, minmay_swamp_entry_worms,
          minmay_snake_entry_guardpost_medium, minmay_lindwurm_lava
Lair:3:   layout_hall_layers, grunt_megastairs_3, serial_bayou_shore_a
Lair:4:   layout_cave_pods, slime_entry_1, grunt_megastairs_4
Lair:5:   gammafunk_lair_ancient_temple, layout_cave_pods, enter_volcano_4,
          serial_bayou_shore_b
Snake:1:  layout_misc_corridors, grunt_ministairs_1,
          nrook_guardian_serpent_ordinary, lemuel_fruit_tree,
          serial_bayou_shore_b
Snake:2:  layout_chambers, serial_shops, nicolae_square_shop,
          serial_bayou_pond_d, serial_bayou_pond_b, uniq_vashnia
Orc:1:    layout_caves
Orc:2:    st_orc_ogre_mass, layout_diamond_mine

Skill      XL: |  1  2  3  4  5  6  7  8  9 10 11 12 13 14 15 16 |
---------------+-------------------------------------------------+-----
Armour         | 1 2 3 4 6 7 9 10 11 13 14 15 | 15.8
Fighting       | 4 5 6 7 8 9 11 12 13 14 15 16 | 16.3
Invocations    | 1 2 3 5 6 7 8 10 11 12 13 | 13.5
Short Blades   | 4 5 6 7 9 10 11 12 13 14 15 | 15.1
Dodging        | 4 5 6 7 9 10 11 12 13 14 15 | 15.0
Shields        | 6 8 |  8.8

Action                     |  1- 3 |  4- 6 |  7- 9 | 10-12 | 13-15 | 16-18 || total
---------------------------+-------+-------+-------+-------+-------+-------++-------
  Melee: Short sword       |    64 |   110 |   304 |   720 |   490 |       ||  1688
         Headbutt          |    12 |    24 |   106 |   219 |   527 |   120 ||  1008
         Quick blade       |       |       |       |       |  1112 |   389 ||  1501
 Invoke: Stomp             |       |       |       |     4 |     8 |       ||    12
         Line Pass         |       |       |       |     1 |     5 |     1 ||     7
         Grand Finale      |       |       |       |       |     3 |     1 ||     4
  Evoke: Wand              |       |       |       |     3 |     9 |     1 ||    13
    Use: Scroll            |       |       |       |     2 |    30 |     2 ||    34
         Potion            |       |       |       |       |    14 |       ||    14
   Stab: Paralysed         |       |       |       |    33 |    96 |    21 ||   150
         Confused          |       |       |       |       |     5 |     5 ||    10
         Petrifying        |       |       |       |       |     1 |       ||     1
         Petrified         |       |       |       |       |     1 |       ||     1
 Armour: Robe              |    16 |    39 |     6 |       |       |       ||    61
         Chain mail        |       |       |   132 |   255 |   300 |    47 ||   734
  Dodge: Dodged            |    29 |    92 |   150 |   472 |   750 |    69 ||  1562
  Block: Kite shield       |       |       |       |       |   131 |   175 ||   306
         Reflection        |       |       |       |       |       |    36 ||    36

Table legend: (Time is in decaauts)
 A = Elapsed time spent in this place.
 B = Non-inter-level travel time spent in this place.
 C = Inter-level travel time spent in this place.
 D = Time resting spent in this place.
 E = Time spent auto-exploring this place.
 F = Levels seen in this place.
 G = Mean time per level.
                   A        B        C        D        E       F      G
               +--------+--------+--------+--------+--------+-----+--------+
         Total |  24408 |  23413 |    995 |   1833 |  17796 |  28 |  871.7 |
       Dungeon |  14246 |  13645 |    601 |    795 |  11016 |  15 |  949.7 |
        Temple |    135 |    117 |     18 |      0 |    104 |   1 |  135.0 |
          Lair |   7032 |   6744 |    288 |    877 |   4694 |   5 | 1406.4 |
     Snake Pit |    819 |    772 |     47 |      0 |    607 |   2 |  409.5 |
  Orcish Mines |   1103 |   1062 |     41 |     41 |    864 |   2 |  551.5 |
         Abyss |    238 |    238 |      0 |     59 |      0 |   1 |  238.0 |
         Sewer |    175 |    175 |      0 |      0 |     88 |   1 |  175.0 |
       Volcano |    656 |    656 |      0 |     61 |    422 |   1 |  656.0 |
               +--------+--------+--------+--------+--------+-----+--------+

Top non-repeatable levels by time:
  Lair:5: 2355 daAuts
  Lair:1: 1706 daAuts
    D:10: 1632 daAuts
     D:8: 1563 daAuts
     D:9: 1254 daAuts
    D:15: 1201 daAuts
     D:5: 1122 daAuts
  Lair:3: 1081 daAuts
    D:12: 1074 daAuts
  Lair:2: 1036 daAuts
    D:11: 949 daAuts
   Orc:2: 900 daAuts
    D:14: 891 daAuts
     D:7: 889 daAuts
  Lair:4: 852 daAuts
